AoeStats
← Delusion

Arabia

509023460Analyzed
3v3 RM · 6d ago on Sep 25, 2026· 44m 19s· 6 players
Game mode
Random Map
Map size
Normal (6 player)
Population
200
Speed
Normal
Resources
Standard
Victory
Conquest
Starting age
Dark Age
Ending age
Imperial Age
RankedLock teamsTeams togetherTeam positionsShared explorationLock speedFull tech treeHidden civsTurbo modeCheats
Victory
Defeat
🇳🇿 Magyars · New Zealand
1261
+16
🇺🇸 Goths · United States
1259
+17
🇳🇿 Gurjaras · New Zealand
1255
+17
🇦🇷 Mongols · Argentina
1360
-20
🇦🇷 Persians · Argentina
1273
-17
🇦🇷 Magyars · Argentina
1181
-13
[MAD1] hillstead
5:43 Loom
9:02 Feudal Age
9:37 Double-Bit Axe
15:11 Horse Collar
17:03 Bloodlines
17:08 Forging
18:24 Scale Mail Armor
18:34 Scale Barding Armor
24:54 Castle Age
26:17 Husbandry
27:44 Iron Casting
27:45 Bow Saw
30:04 Wheelbarrow
36:19 Gold Mining
37:11 Chain Barding Armor
40:40 Hand Cart
40:35 Stone Mining
41:20 Gold Shaft Mining
40:50 Town Watch
41:42 Town Patrol
43:27 Stone Shaft Mining
47:08 Imperial Age
Knar
6:03 Loom
9:06 Feudal Age
11:43 Double-Bit Axe
14:18 Fletching
18:52 Horse Collar
19:49 Padded Archer Armor
22:42 Castle Age
21:32 Gold Mining
22:45 Crossbowman
23:27 Bodkin Arrow
24:20 Bow Saw
29:30 Ballistics
34:22 Wheelbarrow
33:53 Town Watch
36:10 Hand Cart
39:12 Imperial Age
37:06 Scale Mail Armor
37:16 Forging
38:19 Anarchy
38:34 Heavy Plow
38:39 Squires
39:13 Chain Mail Armor
41:20 Bracer
40:59 Elite Huskarl
42:27 Conscription
42:44 Iron Casting
Boar_Hunter_Victim
6:53 Loom
7:38 Loom
9:56 Feudal Age
10:26 Double-Bit Axe
13:39 Arson
14:23 Man-at-Arms
17:53 Horse Collar
21:44 Castle Age
19:54 Gold Mining
20:20 Fletching
22:14 Padded Archer Armor
22:42 Bow Saw
22:33 Bodkin Arrow
24:18 Wheelbarrow
24:05 Bloodlines
23:55 Husbandry
25:02 Heavy Plow
26:04 Gold Shaft Mining
28:37 Stone Mining
29:46 Leather Archer Armor
36:03 Imperial Age
33:19 Town Watch
34:19 Ballistics
35:25 Treadmill Crane
37:31 Parthian Tactics
36:29 Heavy Cavalry Archer
37:16 Bracer
38:08 Hand Cart
39:48 Two-Man Saw
39:13 Conscription
39:24 Arson
39:01 Long Swordsman
39:04 Pikeman
40:16 Ring Archer Armor
39:47 Scale Mail Armor
40:21 Town Patrol
42:17 Crop Rotation
42:19 Chain Mail Armor
41:57 Halberdier
42:54 Recurve Bow
+m<ssi
6:06 Loom
8:24 Feudal Age
9:57 Double-Bit Axe
11:11 Town Watch
18:47 Wheelbarrow
18:45 Padded Archer Armor
18:37 Fletching
21:30 Horse Collar
21:52 Gold Mining
24:21 Castle Age
23:22 Padded Archer Armor
23:57 Stone Mining
27:01 Leather Archer Armor
37:07 Thumb Ring
42:51 Imperial Age
41:04 Ballistics
42:45 Bodkin Arrow
43:02 Bloodlines
42:52 Husbandry
43:46 Bracer
Delusion
7:51 Loom
9:57 Feudal Age
11:21 Double-Bit Axe
15:19 Scale Barding Armor
21:09 Castle Age
21:32 Wheelbarrow
21:34 Scale Barding Armor
23:33 Horse Collar
25:21 Husbandry
26:41 Bloodlines
33:00 Gold Mining
35:05 Heavy Plow
35:27 Town Watch
36:18 Stone Mining
36:43 Town Patrol
41:30 Chain Barding Armor
42:04 Gold Shaft Mining
41:46 Bow Saw
42:12 Corvinian Army
45:21 Imperial Age
44:03 Hand Cart
DISCOTECA VARELA
6:24 Loom
6:50 Loom
9:07 Feudal Age
9:44 Double-Bit Axe
10:50 Town Watch
20:25 Castle Age
18:36 Scale Barding Armor
18:49 Horse Collar
20:56 Bloodlines
27:45 Gold Mining
28:51 Forging
30:51 Husbandry
31:48 Wheelbarrow
34:37 Iron Casting
38:45 Chain Barding Armor
40:23 Hand Cart
Connection lost

Rejoining the realm…

Still unreachable

The connection could not be restored.

Session expired

The server has moved on; the page needs a fresh start.